% Time on Ice - BOISE CARIBOUS
Lines # - Real PCT - Wanted PCT - Time Play
Normal Forward
1 - 35% - 35% - 18:33
2 - 34% - 34% - 18:17
3 - 24% - 23% - 12:42
4 - 8% - 8% - 4:13
Normal Defense
1 - 37% - 36% - 19:51
2 - 33% - 34% - 17:46
3 - 30% - 30% - 16:08
4 - 0% - 0% - 0:00
PP Forward
1 - 55% - 55% - 2:11
2 - 45% - 45% - 1:47
PP Defense
1 - 55% - 55% - 2:11
2 - 45% - 45% - 1:47
PK Forward
1 - 46% - 50% - 0:55
2 - 54% - 50% - 1:04
PK Defense
1 - 46% - 55% - 0:55
2 - 54% - 45% - 1:04
PK3 Forward
1 - 0% - 55%
2 - 0% - 45%
PK3 Defense
1 - 0% - 55%
2 - 0% - 45%
44 Forward
1 - 0% - 55%
2 - 0% - 45%
44 Defense
1 - 0% - 55%
2 - 0% - 45%
Last Minute Offensive  - 0:18
Last Minute Defensive  - 0:00
Total
Forward - 60:00
Defense - 60:00
% Time on Ice - SALEM BLACK JAYS
Lines # - Real PCT - Wanted PCT - Time Play
Normal Forward
1 - 33% - 33% - 17:31
2 - 25% - 32% - 13:28
3 - 17% - 25% - 9:08
4 - 25% - 10% - 13:38
Normal Defense
1 - 34% - 36% - 18:20
2 - 30% - 31% - 16:05
3 - 29% - 23% - 15:23
4 - 7% - 10% - 3:57
PP Forward
1 - 32% - 55% - 0:38
2 - 68% - 45% - 1:21
PP Defense
1 - 28% - 55% - 0:33
2 - 72% - 45% - 1:26
PK Forward
1 - 71% - 55% - 2:50
2 - 29% - 45% - 1:08
PK Defense
1 - 38% - 55% - 1:31
2 - 62% - 45% - 2:27
PK3 Forward
1 - 0% - 55%
2 - 0% - 45%
PK3 Defense
1 - 0% - 55%
2 - 0% - 45%
44 Forward
1 - 0% - 55%
2 - 0% - 45%
44 Defense
1 - 0% - 55%
2 - 0% - 45%
Last Minute Offensive  - 0:00
Last Minute Defensive  - 0:18
Total
Forward - 60:00
Defense - 60:00
Play-by-Play 1st period 0:01 of 1st period - Mathew Barzal wins face-off versus Mikael Granlund in neutral zone. 0:01 of 1st period - Mathew Barzal is hit by Andre Burakovsky. 0:15 of 1st period - Shot by Matt Duchene. 0:15 of 1st period - Shot Blocked by Nick Jensen. 1:00 of 1st period - Off-side. 1:01 of 1st period - Jean-Gabriel Pageau wins face-off versus Troy Terry in neutral zone. 1:06 of 1st period - Evgeny Dadonov is hit by Jean-Gabriel Pageau and loses puck. 1:17 of 1st period - Shot by Troy Terry. 1:17 of 1st period - Goal by Troy Terry - BOISE CARIBOUS : 0 - SALEM BLACK JAYS : 1. 1:18 of 1st period - Charlie Coyle wins face-off versus Dylan Cozens in neutral zone. 1:40 of 1st period - Dmitry Kulikov is hit by Daniel Sprong. 1:45 of 1st period - Off-side. 1:46 of 1st period - Theodor Blueger wins face-off versus Jesperi Kotkaniemi in neutral zone. 2:06 of 1st period - Troy Terry is hit by Dylan DeMelo. 2:08 of 1st period - Shot by Theodor Blueger. 2:08 of 1st period - Shot Blocked by Oliver Kylington. 2:49 of 1st period - Icing by Jean-Gabriel Pageau. 2:50 of 1st period - Lawson Crouse wins face-off versus Dylan Cozens in BOISE CARIBOUS zone. 3:01 of 1st period - Shot by Dylan Cozens. 3:01 of 1st period - Shot Misses the Net. 3:03 of 1st period - Shot by Michael Del Zotto. 3:03 of 1st period - Stopped by Antti Raanta with a rebound. 3:05 of 1st period - Shot by Urho Vaakanainen. 3:05 of 1st period - Stopped by Antti Raanta without a rebound. 3:06 of 1st period - Charlie Coyle wins face-off versus Mathew Barzal in BOISE CARIBOUS zone. 3:20 of 1st period - Off-side. 3:21 of 1st period - Troy Terry wins face-off versus Mikael Granlund in neutral zone. 3:50 of 1st period - Shot by Mikael Granlund. 3:50 of 1st period - Stopped by Anthony Stolarz without a rebound. 3:51 of 1st period - Mathew Barzal wins face-off versus Charlie Coyle in SALEM BLACK JAYS zone. 4:24 of 1st period - Mitchell Marner is hit by Tim Stutzle and loses puck. 4:31 of 1st period - Shot by Nick Schmaltz. 4:31 of 1st period - Stopped by Anthony Stolarz without a rebound. 4:32 of 1st period - Mikael Granlund wins face-off versus Troy Terry in SALEM BLACK JAYS zone. 5:00 of 1st period - Evgeny Dadonov is hit by Rasmus Dahlin and loses puck. 5:06 of 1st period - Evgeny Dadonov is hit by Dmitry Kulikov and loses puck. 5:13 of 1st period - Shot by Martin Necas. 5:13 of 1st period - Stopped by Antti Raanta without a rebound. 5:14 of 1st period - Dylan Cozens wins face-off versus Jean-Gabriel Pageau in BOISE CARIBOUS zone. 5:17 of 1st period - Shot by Daniel Sprong. 5:17 of 1st period - Stopped by Antti Raanta without a rebound. 5:18 of 1st period - Jean-Gabriel Pageau wins face-off versus Dylan Cozens in BOISE CARIBOUS zone. 5:27 of 1st period - Shot by Artturi Lehkonen. 5:27 of 1st period - Shot Blocked by Scott Mayfield. 5:58 of 1st period - Shot by Dylan Cozens. 5:58 of 1st period - Shot Misses the Net. 6:09 of 1st period - Icing by Scott Mayfield. 6:10 of 1st period - Charlie Coyle wins face-off versus Filip Chytil in SALEM BLACK JAYS zone. 6:24 of 1st period - Icing by Cody Ceci. 6:25 of 1st period - Dylan Cozens wins face-off versus Mikael Granlund in SALEM BLACK JAYS zone. 6:56 of 1st period - Shot by Mikael Granlund. 6:56 of 1st period - Stopped by Anthony Stolarz without a rebound. 6:57 of 1st period - Theodor Blueger wins face-off versus Charlie Coyle in SALEM BLACK JAYS zone. 7:32 of 1st period - Shot by Charlie Coyle. 7:32 of 1st period - Shot Misses the Net. 7:57 of 1st period - Mikael Granlund is hit by Brian Boyle and loses puck. 8:22 of 1st period - Shot by Mitchell Marner. 8:22 of 1st period - Shot Misses the Net. 8:24 of 1st period - Shot by Mitchell Marner. 8:24 of 1st period - Stopped by Antti Raanta without a rebound. 8:25 of 1st period - Jean-Gabriel Pageau wins face-off versus Mathew Barzal in BOISE CARIBOUS zone. 8:44 of 1st period - Shot by Lawson Crouse. 8:44 of 1st period - Shot Misses the Net. 8:46 of 1st period - Shot by Jean-Gabriel Pageau. 8:46 of 1st period - Stopped by Anthony Stolarz without a rebound. 8:47 of 1st period - Troy Terry wins face-off versus Jesperi Kotkaniemi in SALEM BLACK JAYS zone. 9:18 of 1st period - Shot by Troy Terry. 9:18 of 1st period - Shot Misses the Net. 9:20 of 1st period - Shot by Evgeny Dadonov. 9:20 of 1st period - Shot Misses the Net. 9:50 of 1st period - Mathew Barzal is hit by Dmitry Kulikov and loses puck. 10:47 of 1st period - Matt Duchene is hit by Nick Jensen and loses puck. 10:52 of 1st period - Shot by Mikael Granlund. 10:52 of 1st period - Shot Misses the Net. 11:04 of 1st period - Shot by Andre Burakovsky. 11:04 of 1st period - Deflect By Matt Duchene. 11:04 of 1st period - Goal by Matt Duchene - BOISE CARIBOUS : 1 - SALEM BLACK JAYS : 1. 11:05 of 1st period - Jean-Gabriel Pageau wins face-off versus Troy Terry in neutral zone. 11:37 of 1st period - Shot by Troy Terry. 11:37 of 1st period - Shot Misses the Net. 11:39 of 1st period - Shot by Martin Necas. 11:39 of 1st period - Stopped by Antti Raanta without a rebound. 11:40 of 1st period - Charlie Coyle wins face-off versus Dylan Cozens in BOISE CARIBOUS zone. 11:45 of 1st period - Shot by Nick Schmaltz. 11:45 of 1st period - Shot Blocked by Michael Del Zotto. 11:59 of 1st period - Shot by Nick Schmaltz. 11:59 of 1st period - Shot Misses the Net. 12:02 of 1st period - Icing by Daniel Sprong. 12:03 of 1st period - Mikael Granlund wins face-off versus Dylan Cozens in SALEM BLACK JAYS zone. 12:05 of 1st period - Minor Penalty to Michael Del Zotto for Holding. 12:06 of 1st period - Mikael Granlund wins face-off versus Brian Boyle in SALEM BLACK JAYS zone. 12:53 of 1st period - Icing by Mikael Granlund. 12:54 of 1st period - Mikael Granlund wins face-off versus Theodor Blueger in BOISE CARIBOUS zone. 13:05 of 1st period - Shot by Moritz Seider. 13:05 of 1st period - Stopped by Anthony Stolarz without a rebound. 13:06 of 1st period - Theodor Blueger wins face-off versus Jean-Gabriel Pageau in SALEM BLACK JAYS zone. 13:17 of 1st period - Shot by Charlie Coyle. 13:17 of 1st period - Shot Misses the Net. 13:37 of 1st period - Shot by Tim Stutzle. 13:37 of 1st period - Stopped by Anthony Stolarz without a rebound. 13:38 of 1st period - Mikael Granlund wins face-off versus Martin Necas in SALEM BLACK JAYS zone. 13:51 of 1st period - Shot by Mikael Granlund. 13:51 of 1st period - Stopped by Anthony Stolarz without a rebound. 13:52 of 1st period - Brian Boyle wins face-off versus Jean-Gabriel Pageau in SALEM BLACK JAYS zone. 14:01 of 1st period - Shot by Martin Necas. 14:01 of 1st period - Shot Misses the Net. 14:20 of 1st period - Icing by Mitchell Marner. 14:21 of 1st period - Mitchell Marner wins face-off versus Mikael Granlund in SALEM BLACK JAYS zone. 14:36 of 1st period - Shot by Mitchell Marner. 14:36 of 1st period - Shot Blocked by Rasmus Dahlin. 14:38 of 1st period - Shot by Mikko Rantanen. 14:38 of 1st period - Goal by Mikko Rantanen - BOISE CARIBOUS : 1 - SALEM BLACK JAYS : 2. 14:39 of 1st period - Charlie Coyle wins face-off versus Troy Terry in neutral zone. 14:54 of 1st period - Shot by Charlie Coyle. 14:54 of 1st period - Stopped by Anthony Stolarz without a rebound. 14:55 of 1st period - Mikael Granlund wins face-off versus Mathew Barzal in SALEM BLACK JAYS zone. 15:37 of 1st period - Shot by Mikko Rantanen. 15:37 of 1st period - Stopped by Antti Raanta without a rebound. 15:38 of 1st period - Charlie Coyle wins face-off versus Troy Terry in BOISE CARIBOUS zone. 15:45 of 1st period - Rasmus Andersson is hit by Cody Ceci and loses puck. 15:54 of 1st period - Shot by Charlie Coyle. 15:54 of 1st period - Shot Misses the Net. 15:56 of 1st period - Shot by Nick Schmaltz. 15:56 of 1st period - Stopped by Anthony Stolarz without a rebound. 15:57 of 1st period - Jean-Gabriel Pageau wins face-off versus Dylan Cozens in SALEM BLACK JAYS zone. 15:58 of 1st period - Shot by Lawson Crouse. 15:58 of 1st period - Shot Misses the Net. 16:12 of 1st period - Shot by Dylan Cozens. 16:12 of 1st period - Shot Blocked by Dylan DeMelo. 16:17 of 1st period - Icing by Dylan DeMelo. 16:18 of 1st period - Theodor Blueger wins face-off versus Jean-Gabriel Pageau in BOISE CARIBOUS zone. 16:45 of 1st period - Shot by Troy Terry. 16:45 of 1st period - Stopped by Antti Raanta without a rebound. 16:46 of 1st period - Mathew Barzal wins face-off versus Charlie Coyle in BOISE CARIBOUS zone. 16:51 of 1st period - Shot by Mikko Rantanen. 16:51 of 1st period - Shot Misses the Net. 16:53 of 1st period - Shot by Mikko Rantanen. 16:53 of 1st period - Shot Blocked by Moritz Seider. 16:55 of 1st period - Shot by Mathew Barzal. 16:55 of 1st period - Goal by Mathew Barzal - BOISE CARIBOUS : 1 - SALEM BLACK JAYS : 3. 16:56 of 1st period - Andre Burakovsky wins face-off versus Martin Necas in neutral zone. 16:56 of 1st period - Mikael Granlund is hit by Evgeny Dadonov and loses puck. 17:51 of 1st period - Minor Penalty to Martin Necas for Hooking. 17:52 of 1st period - Jean-Gabriel Pageau wins face-off versus Mitchell Marner in SALEM BLACK JAYS zone. 17:57 of 1st period - Shot by Charlie Coyle. 17:57 of 1st period - Shot Misses the Net. 17:59 of 1st period - Shot by Jean-Gabriel Pageau. 17:59 of 1st period - Stopped by Anthony Stolarz without a rebound. 18:00 of 1st period - Jean-Gabriel Pageau wins face-off versus Brian Boyle in SALEM BLACK JAYS zone. 18:24 of 1st period - Shot by Lawson Crouse. 18:24 of 1st period - Stopped by Anthony Stolarz without a rebound. 18:25 of 1st period - Mikael Granlund wins face-off versus Brian Boyle in SALEM BLACK JAYS zone. 19:27 of 1st period - Lawson Crouse is hit by Daniel Sprong and loses puck. 19:54 of 1st period - Jesperi Kotkaniemi is hit by Urho Vaakanainen and loses puck. Goals for this period are 1 for BOISE CARIBOUS vs 3 for SALEM BLACK JAYS. Shots for this period are 12 for BOISE CARIBOUS vs 11 for SALEM BLACK JAYS. 2nd period 0:01 of 2nd period - Troy Terry wins face-off versus Charlie Coyle in neutral zone. 0:27 of 2nd period - Theodor Blueger is hit by Dmitry Kulikov and loses puck. 0:34 of 2nd period - Shot by Troy Terry. 0:34 of 2nd period - Shot Blocked by Tim Stutzle. 0:36 of 2nd period - Shot by Cody Ceci. 0:36 of 2nd period - Shot Blocked by Dmitry Kulikov. 1:26 of 2nd period - Shot by Mitchell Marner. 1:26 of 2nd period - Shot Misses the Net. 1:28 of 2nd period - Shot by Mikko Rantanen. 1:28 of 2nd period - Stopped by Antti Raanta without a rebound. 1:29 of 2nd period - Jean-Gabriel Pageau wins face-off versus Dylan Cozens in BOISE CARIBOUS zone. 1:36 of 2nd period - Icing by Daniel Sprong. 1:37 of 2nd period - Jean-Gabriel Pageau wins face-off versus Dylan Cozens in SALEM BLACK JAYS zone. 1:38 of 2nd period - Shot by Lawson Crouse. 1:38 of 2nd period - Shot Blocked by Urho Vaakanainen. 1:43 of 2nd period - Icing by Dylan Cozens. 1:44 of